 Dungeon Crawl Stone Soup version 0.23.2-11-gf996548c65 (webtiles) character file.

Game seed: 15456281110827117910

88 Omegus91 the Grave Robber (level 4, -3/34 HPs)
             Began as a Hill Orc Necromancer on May 31, 2019.
             Slain by a hobgoblin
             ... wielding a +0 club
              (5 damage)
             ... on level 3 of the Dungeon on June 6, 2019.
             The game lasted 00:19:14 (3061 turns).

Omegus91 the Grave Robber (Hill Orc Necromancer)    Turns: 3061, Time: 00:19:15

Health: -3/34      AC:  5    Str: 10    XL:     4   Next: 53%
Magic:  4/7        EV: 12    Int: 16    God:
Gold:   162        SH:  0    Dex: 11    Spells: 5/7 levels left

rFire    . . .     SeeInvis .   q - +0 hunting sling
rCold    . . .     Gourm    .   (no shield)
rNeg     . . .     Faith    .   a - +0 robe
rPois    .         Spirit   .   b - +2 helmet
rElec    .         Reflect  .   (no cloak)
rCorr    .         Harm     .   (no gloves)
MR       .....                  (no boots)
Stlth    ++........             (no amulet)
HPRegen  0.11/turn              (no ring)
MPRegen  0.10/turn              (no ring)

@: no status effects
A: no striking features
a: no special abilities


You were on level 3 of the Dungeon.
You were not hungry.

You visited 1 branch of the dungeon, and saw 3 of its levels.

You collected 162 gold pieces.

Inventory:

Hand Weapons
 n - a +0 mace
 q - a +0 hunting sling (weapon)
Armour
 a - a +0 robe (worn)
 b - a +2 helmet (worn)
Scrolls
 d - 2 scrolls of amnesia {unknown}
 e - 4 scrolls of enchant weapon {unknown}
 f - 3 scrolls of identify {unknown}
 i - a scroll of remove curse {unknown}
 k - a scroll of blinking {unknown}
 l - a scroll of immolation {unknown}
 o - 2 scrolls of teleportation {unknown}
 p - a scroll of enchant armour {unknown}
Potions
 g - a potion of curing {unknown}
 h - a potion of berserk rage {unknown}
 j - a potion of degeneration {unknown}
 m - 2 potions of lignification {unknown}
 s - a potion of heal wounds {unknown}
Comestibles
 c - 2 rations


   Skills:
 + Level 0.5 Fighting
 + Level 0.4 Slings
 - Level 2.2 Dodging
 - Level 1.5 Stealth
 + Level 2.4 Spellcasting
 + Level 4.7 Necromancy


You had 5 spell levels left.
You knew the following spells:

 Your Spells              Type           Power        Failure   Level  Hunger
a - Pain                  Necr           ###.         3%          1    #......
b - Animate Skeleton      Necr           N/A          3%          1    #......

Your spell library contained the following spells:

 Spells                   Type           Power        Failure   Level  Hunger
 Vampiric Draining        Necr           ###.......   9%          3    ###....
 Regeneration             Chrm/Necr      #.........   22%         3    ###....
 Animate Dead             Necr           N/A          28%         4    #####..


Dungeon Overview and Level Annotations

Branches:
Dungeon (3/15)

Altars:
Sif Muna
Wu Jian
Yredelemnul


Message History

The hobgoblin hits you but does no damage.
The kobold hits you.
The hobgoblin hits you but does no damage.
The kobold hits you.
Your magical contamination has completely faded away.
The hobgoblin closely misses you. The kobold barely misses you.
The hobgoblin barely misses you. The kobold hits you but does no damage.
The kobold misses you.
The hobgoblin hits you but does no damage.
The kobold barely misses you.
The hobgoblin hits you but does no damage.
The kobold barely misses you. The hobgoblin hits you with a +0 club.
The kobold barely misses you. The hobgoblin hits you with a +0 club.
* * * LOW HITPOINT WARNING * * *
The kobold hits you but does no damage. The hobgoblin hits you with a +0 club.
* * * LOW HITPOINT WARNING * * *
The kobold hits you.
* * * LOW HITPOINT WARNING * * *
The hobgoblin hits you with a +0 club.
You die...

######## .....%...
...... #.......# ##....#
#......## ......####
###....%..## #.........
.(......... ......#
.†........
##....#########.........
.................$......
#####.#########.@g.....(
### #.# ###.#K......
#####.# #.....(##...
+_+...# #.#%##.# ..
#+###.# ##.#.# .#
#÷######..#.#...
#.###..............##
.........######...##
................(##


You could see a hobgoblin and a kobold.

Vanquished Creatures
  An adder (D:2)
  2 worms (D:2)
  2 dart slugs (D:1)
  3 leopard geckos
  7 orcs
  A ball python (D:1)
  3 bats (D:3)
  3 giant cockroaches
  8 goblins
  6 hobgoblins
  A quokka (D:2)
  2 frilled lizards
  6 kobolds
  3 rats
  A spectral orc (D:2)
49 creatures vanquished.

Vanquished Creatures (collateral kills)
  A bat (D:1)
  A giant cockroach (D:1)
  4 goblins
  2 frilled lizards
  A rat (D:1)
9 creatures vanquished.

Grand Total: 58 creatures vanquished

Notes
Turn   | Place    | Note
-------+----------+-------------------------------------------
     0 | D:1      | Omegus91 the Hill Orc Necromancer began the quest for the
                  | Orb.
     0 | D:1      | Reached XP level 1. HP: 14/14 MP: 3/3
    15 | D:1      | Learned a level 1 spell: Animate Skeleton
   167 | D:1      | Reached XP level 2. HP: 18/20 MP: 2/4
   988 | D:1      | Reached XP level 3. HP: 23/26 MP: 1/6
  1949 | D:2      | Found a deep blue altar of Sif Muna.
  2062 | D:2      | Reached XP level 4. HP: 33/33 MP: 5/7
  2402 | D:2      | Found a basalt altar of Yredelemnul.
  2615 | D:2      | Upgraded the game from 0.23.2-1-ga50397a to
                  | 0.23.2-11-gf996548c65
  2900 | D:3      | Found an ornate altar of the Wu Jian Council.
  3061 | D:3      | Slain by a hobgoblin

Skill      XL: |  1  2 |
---------------+-------+-----
Dodging        | 2 |  2.2
Spellcasting   | 2 |  2.4
Fighting       | |  0.5
Slings         | |  0.4
Stealth        | |  1.5
Necromancy     | |  4.7

Action                   |  1- 3 |  4- 6 || total
-------------------------+-------+-------++-------
Melee: Unarmed           |    10 |       ||    10
 Fire: Hunting sling     |       |    21 ||    21
 Cast: Animate Skeleton  |    20 |     4 ||    24
       Pain              |    63 |    25 ||    88
  Eat: Chunk             |     5 |     3 ||     8
Armor: Robe              |     7 |    18 ||    25
Dodge: Dodged            |    22 |    39 ||    61
